 Dungeon Crawl Stone Soup version 0.19-a0-1021-g80cc50c (webtiles) character file.

74 epen the Poker (level 4, 0/37 HPs)
             Began as a Merfolk Chaos Knight on July 27, 2016.
             Succumbed to an adder's poison
             ... on level 3 of the Dungeon.
             The game lasted 00:02:48 (1500 turns).

epen the Poker (Merfolk Chaos Knight)               Turns: 1500, Time: 00:02:49

Health: 0/37       AC:  6    Str: 13    XL:     4   Next: 30%
Magic:  4/4        EV: 13    Int: 11    God:    Xom [*.....]
Gold:   197        SH:  0    Dex: 13    Spells: 0 memorised, 3 levels left

rFire  + . .     SeeInvis .     a - +0 spear (chaos)
rCold  . . .     Gourm    .     e - +2 leather armour {rF+}
rNeg   . . .     Faith    .     (no shield)
rPois  .         Spirit   .     (no helmet)
rElec  .         Dismiss  .     g - +0 cloak
rCorr  .         Reflect  .     (no gloves)
SustAt .         Harm     .     (no boots)
MR     .....                    (no amulet)
Stlth  +.........               (no ring)
                                (no ring)

@: lethally poisoned (0 -> -9), exhausted, flying, slowed, very slow, not
resistant to hostile enchantments, very unstealthy
A: change form in water, swift swim
a: Renounce Religion


You were on level 3 of the Dungeon.
You worshipped Xom.
You were a special plaything of Xom.
You were hungry.

You visited 1 branch of the dungeon, and saw 3 of its levels.

You collected 197 gold pieces.

Inventory:

Hand Weapons
 a - a +0 spear of chaos (weapon)
Armour
 b - a +2 leather armour
 e - a +2 leather armour of fire resistance (worn)
 g - a +0 cloak (worn)
Scrolls
 d - 8 scrolls of identify {unknown}
 i - a scroll of blinking {unknown}
 j - a scroll of enchant armour {unknown}
 m - a scroll of remove curse {unknown}
 o - a scroll of magic mapping {unknown}
Potions
 h - 2 potions of berserk rage
 n - a potion of brilliance {unknown}
Comestibles
 c - 2 bread rations
 f - a fruit
 l - 2 meat rations
 p - 2 chunks of flesh


   Skills:
 + Level 3.7 Fighting
 * Level 5.4 Polearms
 * Level 1.5 Armour
 + Level 3.6 Dodging


You had 3 spell levels left.
You didn't know any spells.

Dungeon Overview and Level Annotations

Branches:
Dungeon (3/15)

Altars:
Trog
Xom


Message History

You are lethally poisoned (4 -> -6).
Your movement speed is very quick.
Your attack speed is extremely fast.
Your base attributes are Str 13, Int 11, Dex 13.
You are not resistant to hostile enchantments.
You are extremely unstealthy.
You feel a strong urge to attack something.
* * * LOW HITPOINT WARNING * * *
You feel sick.
You feel your anger subside.
You are no longer berserk.
You are exhausted.
You feel yourself slow down.
You are feeling hungry.
* * * LOW HITPOINT WARNING * * *
You feel sick.
Unknown command.
It was a potion of flight.
You feel very buoyant.
You fly up into the air.
You die...
Xom guffaws!

[..........###
#.
......#.#####
##
#...#..#....#
#>.####.###.#
#..# #.###.#
#..# #.....#
####..#
#.#####
#.....####.#
#...@..#
#..###.#
##..###.#
#.._....#
#....###.#
...........#
##.#....###.#
#...#.#.# .#
...#.###.#


There were no monsters in sight!

Vanquished Creatures
  2 adders (D:3)
  2 oozes (D:3)
  A dart slug (D:1)
  A giant gecko (D:2)
  7 bats
  2 giant cockroaches
  6 goblins
  4 hobgoblins
  9 kobolds
  2 ball pythons (D:2)
  A giant newt (D:1)
  7 rats
44 creatures vanquished.

Notes
Turn   | Place    | Note
-------+----------+-------------------------------------------
     0 | D:1      | epen the Merfolk Chaos Knight began the quest for the Orb.
     0 | D:1      | Reached XP level 1. HP: 18/18 MP: 1/1
   295 | D:1      | Reached XP level 2. HP: 24/24 MP: 2/2
   542 | D:1      | XOM: god gift: 14 gold pieces
   633 | D:1      | Reached skill level 1 in Armour
   656 | D:1      | Reached skill level 5 in Polearms
   669 | D:1      | XOM is BORED!
   669 | D:1      | XOM: mild Pois miscast
   763 | D:2      | XOM: scenery: create altars
   872 | D:2      | Reached XP level 3. HP: 29/29 MP: 3/3
  1307 | D:2      | XOM: summons 1 hostile demon
  1409 | D:3      | XOM: noise
  1426 | D:3      | Reached XP level 4. HP: 22/37 MP: 4/4
  1435 | D:3      | Found a bloodstained altar of Trog.
  1491 | D:3      | XOM: noise
  1499 | D:3      | HP: 1/37 [poisoned by an adder]
  1500 | D:3      | Succumbed to an adder's poison

Vault maps used:
D:1:      saegor_arrival_simple_f, hangedman_decor_slide_cut
D:3:      nemelex_xobeh_ov_fountains_minmay, overflow_temple_1_default,
          first_bread, saegor_snake_ambush

Skill      XL: |  1  2 |
---------------+-------+-----
Armour         | 1 |  1.5
Polearms       | 5 |  5.4
Dodging        | 3 |  3.6
Fighting       | |  3.7

Action                   |  1- 3 |  4- 6 || total
-------------------------+-------+-------++-------
Melee: Spear             |   127 |    31 ||   158
  Use: Potion            |       |     2 ||     2
 Stab: Sleeping          |     1 |       ||     1
  Eat: Chunk             |     1 |     1 ||     2
Armor: Leather armour    |    25 |    12 ||    37
Dodge: Dodged            |    41 |    19 ||    60
